 Dungeon Crawl Stone Soup version 0.21-a0-633-g4c047d5 (webtiles) character file.

966 Spazmo the Magician (level 7, -4/36 HPs)
             Began as a Deep Elf Fire Elementalist on Dec 28, 2017.
             Slain by RedSky's ghost (6 damage)
             ... on level 4 of the Dungeon.
             The game lasted 00:09:18 (2861 turns).

Spazmo the Magician (Deep Elf Fire Elementalist)    Turns: 2861, Time: 00:09:19

Health: -4/36      AC:  2    Str:  5    XL:     7   Next: 93%
Magic:  12/28      EV: 13    Int: 27    God:
Gold:   209        SH:  0    Dex: 15    Spells: 5/20 levels left

rFire    . . .     SeeInvis .   t - +1 whip (freeze)
rCold    . . .     Gourm    .   (no shield)
rNeg     . . .     Faith    .   a - +0 robe
rPois    .         Spirit   .   (no helmet)
rElec    .         Reflect  .   (no cloak)
rCorr    .         Harm     .   (no gloves)
MR       .....                  (no boots)
Stlth    ++........             (no amulet)
HPRegen  0.12/turn              g - ring of magical power
MPRegen  0.21/turn              m - +5 ring of intelligence

@: no status effects
A: no striking features
a: no special abilities


You were on level 4 of the Dungeon.
You were hungry.

You visited 1 branch of the dungeon, and saw 4 of its levels.

You collected 209 gold pieces.

Inventory:

Hand Weapons
 d - a +1 dagger of protection
 t - a +1 whip of freezing (weapon)
Missiles
 i - 59 stones (quivered)
Armour
 a - a +0 robe (worn)
Jewellery
 g - a ring of magical power (left hand)
 m - a +5 ring of intelligence (right hand)
 p - an uncursed ring of protection from cold
Scrolls
 n - 2 scrolls of identify
 q - 2 scrolls of remove curse
 r - a scroll of blinking {unknown}
Potions
 e - a potion of invisibility
 f - a potion of flight {unknown}
 h - a potion of haste {unknown}
 k - a potion of curing
 l - a potion of cancellation {unknown}
 s - a potion of ambrosia {unknown}
Books
 b - a book of Flames

   Spells                             Type                      Level
   a - Flame Tongue                   Conjuration/Fire             1
   b - Throw Flame                    Conjuration/Fire             2
   c - Conjure Flame                  Conjuration/Fire             3
   d - Inner Flame                    Hexes/Fire                   3
   e - Sticky Flame                   Conjuration/Fire             4
   f - Fireball                       Conjuration/Fire             5
 o - a book of Spatial Translocations

   Spells                             Type                      Level
   a - Blink                          Translocation                2
   b - Shroud of Golubria             Charms/Translocation         2
   c - Lesser Beckoning               Translocation                3
   d - Gell's Gravitas                Translocation                3
   e - Teleport Other                 Translocation                3
   f - Passage of Golubria            Translocation                4
Comestibles
 c - 7 rations


   Skills:
 - Level 3.0 Dodging
 - Level 3.0 Stealth
 + Level 7.3 Spellcasting
 + Level 5.6 Conjurations
 + Level 6.4 Fire Magic


You had 5 spell levels left.
You knew the following spells:

 Your Spells              Type           Power        Failure   Level  Hunger
a - Flame Tongue          Conj/Fire      #####        1%          1    None
b - Throw Flame           Conj/Fire      #####.       1%          2    None
c - Conjure Flame         Conj/Fire      #####...     1%          3    None
d - Sticky Flame          Conj/Fire      #####...     4%          4    ##.....
e - Fireball              Conj/Fire      #####.....   13%         5    #####..


Dungeon Overview and Level Annotations

Branches:
Dungeon (4/15)
 Temple: D:4-7

Altars:
Nemelex Xobeh
Xom

Shops:
D:4 %

Annotations:
D:4 RedSky's ghost, novice DDEE


Message History

* * * LOW HITPOINT WARNING * * *
Casting: Flame Tongue
Confirm with . or Enter, or press ? or * to list all spells.
Aiming: Flame Tongue
Press: ? - help, Shift-Dir - straight line, f/p - RedSky's ghost
Aim: RedSky's ghost, wielding a vampiric weapon (flame, heavily damaged)
The flame tongue misses RedSky's ghost.
RedSky's ghost is engulfed in blazing flames.
RedSky's ghost hits you!
* * * LOW HITPOINT WARNING * * *
Casting: Flame Tongue
Confirm with . or Enter, or press ? or * to list all spells.
Aiming: Flame Tongue
Press: ? - help, Shift-Dir - straight line, f/p - RedSky's ghost
Aim: RedSky's ghost, wielding a vampiric weapon (flame, severely damaged)
The flame tongue hits RedSky's ghost.
RedSky's ghost appears unharmed.
RedSky's ghost is severely damaged.
RedSky's ghost is engulfed in blazing flames.
RedSky's ghost hits you.
You die...

........##.###.#.###.#
........##...#.....#.#
.###########.###.#.#.#
..........##.# #.#.#.#
.########.##.###W#.#.#
.....># #.##.#...#.#.#
..##.## #.##.#.###.#.#
..##.# #.##.#.###.#.#
..##.# #.##.#.W@..#.#
..##.# #.##.#######.#
..##.# #.#..........#
..##.# #.############
..##.# #.# ..##.# #.#
..##.# #.# ..##.####.#
.......##.#


You could see RedSky's ghost.

Vanquished Creatures
  Pikel (D:4)
  An ogre (D:4)
  A hound (D:4)
  2 orc priests
  Jessica (D:2)
  2 iguanas (D:4)
  2 orc wizards
  A worker ant (D:4)
  A howler monkey skeleton (D:4)
  7 adders
  An ooze (D:1)
  2 worms
  A dart slug (D:2)
  4 leopard geckos
  8 orcs
  4 giant cockroaches
  6 goblins
  2 jackals (D:4)
  2 bats
  8 frilled lizards
  12 kobolds
  8 rats
77 creatures vanquished.

Vanquished Creatures (others)
  A bullfrog skeleton (D:4)
  An iguana (D:4)
  An adder (D:4)
  An adder skeleton (D:4)
4 creatures vanquished.

Grand Total: 81 creatures vanquished

Notes
Turn   | Place    | Note
-------+----------+-------------------------------------------
     0 | D:1      | Spazmo the Deep Elf Fire Elementalist began the quest for the Orb.
     0 | D:1      | Reached XP level 1. HP: 10/10 MP: 6/6
   150 | D:1      | Reached XP level 2. HP: 14/15 MP: 2/8
   154 | D:1      | Learned a level 2 spell: Throw Flame
   922 | D:2      | Reached XP level 3. HP: 16/19 MP: 10/10
  1079 | D:2      | Learned a level 3 spell: Conjure Flame
  1091 | D:2      | Noticed Jessica
  1093 | D:2      | Reached XP level 4. HP: 24/24 MP: 11/11
  1099 | D:2      | Killed Jessica
  1099 | D:2      | Reached skill level 4 in Spellcasting
  1113 | D:2      | Learned a level 4 spell: Sticky Flame
  1231 | D:2      | Found a sparkling altar of Nemelex Xobeh.
  1388 | D:3      | Found a faded altar of an unknown god.
  1515 | D:3      | Found a shimmering altar of Xom.
  1515 | D:3      | Found a shimmering altar of Xom.
  1516 | D:3      | Found a shimmering altar of Xom.
  1517 | D:3      | Found a shimmering altar of Xom.
  1522 | D:3      | Reached XP level 5. HP: 23/28 MP: 13/13
  1527 | D:3      | Found a shimmering altar of Xom.
  1534 | D:3      | Found a shimmering altar of Xom.
  2105 | D:4      | Reached skill level 5 in Spellcasting
  2220 | D:4      | Reached XP level 6. HP: 23/32 MP: 15/15
  2227 | D:4      | Learned a level 5 spell: Fireball
  2280 | D:4      | Reached skill level 5 in Fire Magic
  2451 | D:4      | Found Joij's Food Emporium.
  2457 | D:4      | Noticed Pikel
  2459 | D:4      | Noticed a slave
  2459 | D:4      | Noticed a slave
  2459 | D:4      | Noticed a slave
  2462 | D:4      | Noticed a slave
  2469 | D:4      | Killed Pikel
  2469 | D:4      | Reached skill level 7 in Spellcasting
  2469 | D:4      | Reached skill level 5 in Conjurations
  2469 | D:4      | Reached XP level 7. HP: 36/36 MP: 13/19
  2830 | D:4      | Noticed RedSky's ghost (novice DDEE)
  2861 | D:4      | Slain by RedSky's ghost

Vault maps used:
D:1:      onia_arrival_pyramid, minmay_stone_trees_medium
D:2:      first_ration, nrook_mini_backslash, nemelex_diamond_rough_becter,
          uniq_jessica
D:3:      chequers_ecumenical_altar_simple_redux, corexii_shack, xom_redecorated
D:4:      serial_shops, shop, uniq_pikel

Skill      XL: |  1  2  3  4  5  6 |
---------------+-------------------+-----
Stealth        | 3 |  3.0
Dodging        | 3 |  3.0
Conjurations   | 2 3 5 |  5.6
Spellcasting   | 4 5 7 |  7.3
Fire Magic     | 4 6 |  6.4

Action                   |  1- 3 |  4- 6 |  7- 9 || total
-------------------------+-------+-------+-------++-------
Throw: Stone             |     1 |       |       ||     1
 Cast: Flame Tongue      |    58 |    91 |    18 ||   167
       Throw Flame       |       |     8 |       ||     8
       Sticky Flame      |       |     2 |       ||     2
       Conjure Flame     |       |     1 |     3 ||     4
  Use: Scroll            |     1 |     4 |       ||     5
       Potion            |     1 |     4 |     1 ||     6
  Eat: Chunk             |       |     5 |       ||     5
Armor: Robe              |     1 |     2 |     1 ||     4
Dodge: Dodged            |     9 |    17 |     2 ||    28

Table legend:
 A = Spawn XP
 B = Non-spawn XP
 C = Spawn XP percentage of total XP
 D = Spawn monster count
 E = Non-spawn monster count
 F = Spawn count percentage of total count
 G = Total turns spent on level
                    A         B        C        D         E        F      G
               +---------+---------+-------+---------+---------+-------+---------
         Total |       0 |    1381 |   0.0 |       0 |      80 |   0.0 |  2861
               +---------+---------+-------+---------+---------+-------+---------
           D:1 |       0 |      31 |   0.0 |       0 |      17 |   0.0 |   867
           D:2 |       0 |     120 |   0.0 |       0 |      22 |   0.0 |   519
           D:3 |       0 |     119 |   0.0 |       0 |      21 |   0.0 |   619
           D:4 |       0 |    1111 |   0.0 |       0 |      20 |   0.0 |   856
               +---------+---------+-------+---------+---------+-------+---------
